 Dungeon Crawl Stone Soup version 0.31-a0-321-g19405a7a6a (webtiles) character file.

Game seed: 2941024864399170038

122 HallandMoats the Trooper (level 5, -5/28 HPs)
             Began as a Vine Stalker Fighter on July 17, 2023.
             Killed by divine providence
             ... invoked by an orc priest
              (13 damage)
             ... on level 3 of the Dungeon.
             The game lasted 00:02:40 (1709 turns).

HallandMoats the Trooper (Vine Stalker Fighter)     Turns: 1709, Time: 00:02:40

Health: -5/28      AC:  8    Str: 21    XL:     5   Next: 6%
Magic:  0/6        EV:  9    Int:  8    God:
Gold:   96         SH:  4    Dex: 13    Spells: 4/4 levels left

rFire   . . .        a - +0 war axe
rCold   . . .        c - +0 buckler
rNeg    . . .        b - +0 scale mail
rPois   .            l - +1 helmet
rElec   .            (no cloak)
rCorr   .            (no gloves)
SInv    .            (no boots)
Will    .....        k - amulet of regeneration Stlth
                     (no ring)
HPRegen 1.84/turn    (no ring)
MPRegen 0.10/turn

%: guardian spirit
@: no status effects
A: fangs 2, regeneration 1, magic shield, antimagic bite, no potion heal 2
a: no special abilities


You were on level 3 of the Dungeon.
You visited 1 branch of the dungeon, and saw 3 of its levels.

You collected 96 gold pieces.

Inventory:

Hand Weapons
 a - a +0 war axe (weapon)
Armour
 b - a +0 scale mail (worn)
 c - a +0 buckler (worn)
 l - a +1 helmet (worn)
Jewellery
 k - an amulet of regeneration (around neck)
Wands
 p - a wand of roots (5)
Scrolls
 e - 2 scrolls of immolation {unknown}
 f - 3 scrolls of identify {unknown}
 g - 2 scrolls of teleportation {unknown}
 h - a scroll of noise {unknown}
 o - a scroll of torment {unknown}
Potions
 d - 2 potions of might
 i - a potion of invisibility {unknown}
 j - a potion of degeneration {unknown}
 m - a potion of mutation {unknown}
 n - a potion of enlightenment {unknown}


   Skills:
 * Level 3.4 Fighting
 * Level 2.8 Axes
 + Level 2.8 Armour
 + Level 1.2 Dodging
 + Level 3.1 Shields


You had 4 spell levels left.
You didn't know any spells.
Your spell library was empty.

Dungeon Overview and Level Annotations

Branches:
Dungeon (3/15)

Altars:
Yredelemnul


Innate Abilities, Weirdness & Mutations

You have extremely sharp teeth.
Your natural rate of healing is unusually fast.
When hurt, damage is shared between your health and your magic reserves.
Your bite disrupts and absorbs the magic of your enemies.
Potions cannot restore your health.


Message History

You have reached level 5!
The orc attacks as you move away! The orc barely misses you.
The black bear attacks as you move away!
You block the black bear's attack. x2; The black bear barely misses you.
Something hits you but does no damage. The orc hits you but does no damage.
The orc attacks as you move away! The orc barely misses you.
The orc attacks as you move away! The orc hits you but does no damage.
An orc wizard appears from thin air!
Reactivating autopickup.
The black bear attacks as you move away!
The black bear bites you. You block the black bear's attack.
The black bear claws you but does no damage.
The orc priest invokes the aid of Beogh against you.
Beogh smites you!
You hit the orc but do no damage. You bite the orc, but do no damage.
You slash the black bear! You closely miss the orc wizard.
The orc priest calls down the wrath of Beogh upon you.
Beogh smites you!
* * * LOW HITPOINT WARNING * * *
The orc wizard casts a spell at you. You resist with some effort.
The black bear bites you but does no damage.
The black bear barely misses you. The black bear claws you.
* * * LOW HITPOINT WARNING * * *
The orc hits you but does no damage.
The black bear attacks as you move away!
The black bear barely misses you.
The black bear claws you but does no damage. x2
The bat hits you but does no damage. The orc priest barely misses you.
The orc hits you with a +0 club.
* * * LOW HITPOINT WARNING * * *
The bat hits you but does no damage.
The jackal stops to sniff the ground.
You closely miss the orc priest. Your bite misses the orc priest.
You hit the orc wizard. You hit the orc but do no damage. You slash the bat!
You kill the bat!
You hit the black bear.
The orc priest calls down the wrath of Beogh upon you.
Beogh smites you!
You die...

##### ##### ##...##
##...## #
#..o..#####.....# .
#.o8..Kh...h.8..# #
#hooo.#####.....# #
##@S†##...##...####
######o##o....##o##.##
#...##g#.g.... #.##.##
##.#..#)'ooo).. #.'....
#.....#.#...... #.##.##
#....##)##...S.##b##.##
#...##...##...##.S.####
#...#....S#####.....#.#
#.###..8.Kbo..o..8..#.#


You could see a black bear, an orc priest, an orc wizard, 4 orcs, a jackal, a
hobgoblin, a ball python and a kobold.

Vanquished Creatures
  3 gnolls (D:3)
  4 adders
  2 dart slugs
  An orc (D:3)
  6 ball pythons
  8 bats
  4 endoplasms (D:1)
  2 goblins
  7 hobgoblins
  6 quokkas
  A frilled lizard (D:3)
  4 kobolds
  4 rats
52 creatures vanquished.

Notes
Turn   | Place    | Note
-------+----------+-------------------------------------------
     0 | D:1      | HallandMoats the Vine Stalker Fighter began the quest for
                  | the Orb.
     0 | D:1      | Reached XP level 1. HP: 11/11 MP: 2/2
    40 | D:1      | Reached XP level 2. HP: 15/16 MP: 1/3
   580 | D:1      | Reached XP level 3. HP: 20/20 MP: 4/4
   599 | D:1      | Found a faded altar of an unknown god.
   842 | D:2      | Found a basalt altar of Yredelemnul.
  1100 | D:2      | Gained mutation: Your natural rate of healing is unusually
                  | fast. [Vine Stalker growth]
  1100 | D:2      | Reached XP level 4. HP: 24/24 MP: 5/5
  1166 | D:2      | Reached skill level 1 in Dodging
  1652 | D:3      | Noticed a black bear
  1703 | D:3      | Reached XP level 5. HP: 21/28 MP: 2/6
  1709 | D:3      | Killed from afar by an orc priest

Illustrated notes

Levels and vault maps discovered:
D:1:      dpeg_arrival_stone_temple_mockup, layout_basic,
          hellmonk_ecumenical_altar_inner_sanctum, nicolae_figureground_pulse
D:2:      layout_basic, basic_altar
D:3:      minmay_octagon_keep, layout_loops_cross

Skill      XL: |  1  2  3  4 |
---------------+-------------+-----
Axes           | 2 |  2.8
Fighting       | 3 |  3.4
Shields        | 3 |  3.1
Dodging        | 1 |  1.2
Armour         | |  2.8

Action                     |  1- 3 |  4- 6 || total
---------------------------+-------+-------++-------
  Melee: War axe           |    76 |    41 ||   117
         Bite              |    14 |     7 ||    21
 Armour: Scale mail        |    46 |    41 ||    87
  Dodge: Dodged            |    40 |    27 ||    67
  Block: Buckler           |    21 |    14 ||    35

Table legend: (Time is in decaauts)
 A = Elapsed time spent in this place.
 B = Non-inter-level travel time spent in this place.
 C = Inter-level travel time spent in this place.
 D = Time resting spent in this place.
 E = Time spent auto-exploring this place.
 F = Levels seen in this place.
 G = Mean time per level.
                   A        B        C        D        E       F      G
               +--------+--------+--------+--------+--------+-----+--------+
         Total |   1756 |   1735 |     21 |      0 |   1280 |   3 |  585.3 |
       Dungeon |   1756 |   1735 |     21 |      0 |   1280 |   3 |  585.3 |
               +--------+--------+--------+--------+--------+-----+--------+

Top non-repeatable levels by time:
     D:2: 747 daAuts
     D:1: 641 daAuts
     D:3: 367 daAuts
